 Dungeon Crawl Stone Soup version 0.27.0-1-g7a089689b8 (webtiles) character file.

Game seed: 13915381938040512076

113676 HungrySpirit the Severer (level 16, 0/147 HPs)
             Began as a Minotaur Gladiator on July 31, 2021.
             Was a High Priest of Okawaru.
             Killed by divine providence
             ... invoked by Saint Roka
              (13 damage)
             ... on level 2 of the Orcish Mines.
             The game lasted 00:29:33 (22803 turns).

HungrySpirit the Severer (Minotaur Gladiator)      Turns: 22803, Time: 00:29:33

Health: 0/147      AC: 25    Str: 23    XL:     16   Next: 14%
Magic:  9/13       EV: 11    Int:  5    God:    Okawaru [*****.]
Gold:   1982       SH: 19    Dex: 22    Spells: 15/15 levels left

rFire    + . .     SeeInvis .   L - +1 war axe (flame)
rCold    + . .     Faith    .   e - +0 kite shield
rNeg     + . .     Spirit   .   C - +8 chain mail "Dugufre" {rN+}
rPois    .         Reflect  +   c - +1 hat
rElec    .         Harm     .   D - scarf {repulsion}
rCorr    +         Rampage  .   y - +2 pair of gloves of Compression {rCorr Str+3 Dex+4}
Will     +....                  (no boots)
Stlth    ..........             b - amulet of reflection
HPRegen  0.34/turn              J - ring of protection from fire
MPRegen  0.13/turn              V - ring of protection from cold

@: hasted, repel missiles, very quick
A: horns 2, retaliatory headbutt, low mp 1
a: Renounce Religion, Heroism, Finesse


You were on level 2 of the Orcish Mines.
You worshipped Okawaru.
Okawaru was extremely pleased with you.
You visited 4 branches of the dungeon, and saw 21 of its levels.
You also visited: Sewer and Gauntlet.

You collected 2240 gold pieces.
You spent 258 gold pieces at shops.

Inventory:

Hand Weapons
 u - a +3 broad axe
 L - a +1 war axe of flaming (weapon)
 Y - a +0 vorpal broad axe
Missiles
 d - 7 throwing nets (quivered)
 K - 4 silver javelins
Armour
 c - a +1 hat (worn)
 e - a +0 kite shield (worn)
 y - the +2 pair of gloves of Compression (worn) {rCorr Str+3 Dex+4}
   (You found it on level 5 of the Dungeon)

   Str:       It affects your strength (+3).
   Dex:       It affects your dexterity (+4).
   rCorr:     It protects you from acid and corrosion.
 C - the +8 chain mail "Dugufre" (worn) {rN+}
   (You bought it in a shop on level 6 of the Dungeon)

   rN:        It protects you from negative energy.
 D - a scarf of repulsion (worn)
 W - a +0 crystal plate armour
Jewellery
 b - an amulet of reflection (around neck)
 w - the amulet of Midwinter {RegenMP Harm rElec rN+ MP+9}
   (You found it on level 5 of the Lair of Beasts)

   [amulet of magic regeneration]

   It increases your rate of magic regeneration.
   rElec:     It insulates you from electricity.
   rN:        It protects you from negative energy.
   MP:        It affects your magic capacity (+9).
   Harm:      It increases damage dealt and taken.
 F - a ring of resist corrosion
 G - a ring of positive energy
 J - a ring of protection from fire (left hand)
 Q - the ring "Qawn" {rF+ rC- rN+ Str+2 Dex+4}
   (You found it in a Gauntlet)

   [ring of positive energy]

   Str:       It affects your strength (+2).
   Dex:       It affects your dexterity (+4).
   rF:        It protects you from fire.
   rC:        It makes you vulnerable to cold.
   rN:        It protects you from negative energy.
 S - the ring of Divine Compulsion {rCorr MP+9 Str-3 Int+3 Slay+4}
   (You found it in a Gauntlet)

   [ring of slaying]

   Str:       It affects your strength (-3).
   Int:       It affects your intelligence (+3).
   Slay:      It affects your accuracy & damage with ranged weapons and melee
   (+4).
   MP:        It affects your magic capacity (+9).
   rCorr:     It protects you from acid and corrosion.
 V - a ring of protection from cold (right hand)
 Z - a ring of flight
Wands
 h - a wand of iceblast (3)
 n - a wand of acid (10)
 q - a wand of polymorph (7)
 A - a wand of paralysis (20)
Scrolls
 a - 2 scrolls of summoning
 f - 3 scrolls of blinking
 g - a scroll of enchant armour
 j - 2 scrolls of immolation
 o - 10 scrolls of teleportation
 v - a scroll of silence
 x - 3 scrolls of fog
 H - 3 scrolls of magic mapping
 I - 4 scrolls of noise
 M - 3 scrolls of enchant weapon
 R - 3 scrolls of holy word
 U - 5 scrolls of identify
Potions
 i - 5 potions of attraction
 k - 4 potions of brilliance
 l - a potion of cancellation {unknown}
 p - a potion of might
 r - 5 potions of curing
 s - 4 potions of haste
 t - 2 potions of resistance
 z - 3 potions of degeneration {unknown}
 B - 5 potions of lignification
 E - a potion of magic
 N - 3 potions of mutation
 O - 2 potions of heal wounds {unknown}
 T - 2 potions of berserk rage {unknown}
Miscellaneous
 P - a phantom mirror (inert)


   Skills:
 + Level 14.6 Fighting
 * Level 20.0 Axes
 - Level 2.0 Throwing
 + Level 14.3 Armour
 - Level 4.0 Dodging
 + Level 13.4 Shields


You had 15 spell levels left.
You didn't know any spells.
Your spell library contained the following spells:

 Spells                   Type           Power      Damage    Failure   Level
 Apportation              Tloc           0%         N/A       96%         1
 Pain                     Necr           0%         1d4       96%         1
 Shock                    Conj/Air       0%         1d3       96%         1
 Blink                    Tloc           N/A        N/A       99%         2
 Passwall                 Tmut/Erth      0%         N/A       99%         2
 Call Canine Familiar     Summ           0%         N/A       100%        3
 Conjure Flame            Conj/Fire      0%         6-21      100%        3
 Gell's Gravitas          Tloc           0%         N/A       100%        3
 Ignite Poison            Fire/Tmut/Pois 0%         N/A       100%        3
 Portal Projectile        Hex/Tloc       0%         N/A       100%        3
 Spider Form              Tmut/Pois      0%         N/A       100%        3
 Stone Arrow              Conj/Erth      0%         3d7       100%        3
 Swiftness                Air            0%         N/A       100%        3
 Airstrike                Air            0%         N/A       100%        4
 Animate Dead             Necr           0%         N/A       100%        4
 Leda's Liquefaction      Hex/Erth       0%         N/A       100%        4
 Sticky Flame             Conj/Fire      0%         2d3       100%        4
 Agony                    Necr           0%         N/A       100%        5
 Alistair's Intoxication  Tmut/Pois      0%         N/A       100%        5
 Blade Hands              Tmut           0%         N/A       100%        5
 Bolt of Magma            Conj/Fire/Erth 0%         4d4       100%        5
 Borgnjor's Vile Clutch   Necr/Erth      0%         N/A       100%        5
 Excruciating Wounds      Necr           0%         N/A       100%        5
 Fireball                 Conj/Fire      0%         3d3       100%        5
 Iskenderun's Battlesphe  Conj           0%         2d6       100%        5
 Lee's Rapid Deconstruct  Erth           0%         3d5*      100%        5
 Yara's Violent Unravell  Hex/Tmut       0%         3d3       100%        5
 Conjure Ball Lightning   Conj/Air       0%         3x3d6     100%        6
 Eringya's Noxious Bog    Tmut/Pois      0%         N/A       100%        6
 Invisibility             Hex            0%         N/A       100%        6
 Haunt                    Necr/Summ      0%         N/A       100%        7
 Malign Gateway           Summ/Tloc      0%         N/A       100%        7
 Orb of Destruction       Conj           0%         N/A       100%        7
 Storm Form               Tmut/Air       0%         N/A       100%        7
 Ignition                 Fire           0%         3d3       100%        8
 Infestation              Necr           0%         N/A       100%        8
 Summon Horrible Things   Summ           0%         N/A       100%        8
 Chain Lightning          Conj/Air       0%         N/A       100%        9
 Fire Storm               Conj/Fire      0%         5d1       100%        9
 Shatter                  Erth           0%         3d5*      100%        9


Dungeon Overview and Level Annotations

Branches:
Dungeon (12/15)            Temple (1/1) D:4            Lair (6/6) D:8
  Swamp (0/4) Lair:3        Snake (0/4) Lair:3        Slime (0/5) Lair:5
    Orc (2/2) D:12            Elf (0/3) Orc:2         Sewer (visited)
Gauntlet (visited)

Altars:
Cheibriados
Fedhas
Hepliaklqana
Kikubaaqudgha
Makhleb
Nemelex Xobeh
Okawaru
Sif Muna
Vehumet
Yredelemnul
Zin
The Shining One
Beogh
Jiyva

Shops:
D:6 [   D:7 [*[   D:9 (   Orc:2 =

Portals:
Hell: Lair:6

Annotations:
D:7 1 runed translucent door, Crazy Yiuf
D:12 Rupert
Lair:2 exclusion: 3 oklob plants
Orc:2 Saint Roka


Innate Abilities, Weirdness & Mutations

You have a pair of horns on your head.
You reflexively headbutt those who attack you in melee.
Your magical capacity is low. (-10% MP)


Message History

You block Saint Roka's attack.
The orc warrior hits you from afar with a +0 trident!
You are too injured to fight recklessly!
Unknown command.
You are too injured to fight recklessly!
You are too injured to fight recklessly!
You slash Saint Roka! You burn Saint Roka.
Saint Roka is almost dead.
Saint Roka mumbles some strange prayers to Beogh against you.
Beogh smites you!
You closely miss Saint Roka. Your headbutt misses Saint Roka.
Saint Roka is almost dead.
You block the orc warrior's attack.
Saint Roka invokes the aid of Beogh against you.
Beogh smites you!
Your chain mail "Dugufre" prevents you from hitting Saint Roka.
Saint Roka is almost dead.
You block the orc warrior's attack.
Saint Roka hits you with a +2 great sword!
* * * LOW HITPOINT WARNING * * *
You feel yourself speed up.
The orc warrior no longer looks unusually strong.
The orc warrior hits you from afar with a +0 trident.
* * * LOW HITPOINT WARNING * * *
Saint Roka mumbles some strange prayers to Beogh against you.
Beogh smites you!
* * * LOW HITPOINT WARNING * * *
You slash Saint Roka! You burn Saint Roka.
You headbutt Saint Roka, but do no damage.
Saint Roka is almost dead.
The orc warrior throws a boomerang.
You reflect the boomerang off an invisible shield around you!
The boomerang hits the orc warrior!
Unknown command.
You hit Saint Roka. You burn Saint Roka.
You headbutt Saint Roka, but do no damage.
Saint Roka is almost dead.
Saint Roka mumbles some strange prayers to Beogh against you.
Beogh smites you!
You die...

.#......## ###...#
..........##########....##
#.##...................##
#.............#......##
##..#...#.....#........#
#...#...#..............## ##
##..................#...##
#.###.........#.o...........###
...#..>.......o.@..........#..##
#...............)[)............#
#....[..........)<)........#...##
.....)).........[)[)[[#......)...
.....)...<)...#...#))...#.....[..
...................[..........[..
..........................<.....#
............[.......#............
............................##...


You could see Saint Roka and an orc warrior.

Vanquished Creatures
  Kirke (D:12)
  The ghost of coffeespoons the Severer, an adept MiBe of Trog (Lair:6)
  2 orc warlords (Orc:1)
  A minotaur (Gauntlet)
  7 hydras
  Harold (D:7)
  2 catoblepae
  3 centaur warriors
  3 two-headed ogres
  A death knight (D:11)
  3 death yaks (Gauntlet)
  Sonja (Lair:3)
  A wretched star (Gauntlet)
  A sixfirhy (Lair:6)
  3 skeletal warriors
  2 orc knights
  A necromancer (Gauntlet)
  2 deep elf pyromancers (D:11)
  A manticore (D:11)
  2 ugly things (D:11)
  3 orc sorcerers (Orc:2)
  8 elephants
  2 cyclopes
  Maurice (D:12)
  An ice statue (Lair:5)
  An orange demon (Lair:6)
  3 black mambas (Lair:6)
  A torpor snail (Lair:5)
  17 cane toads
  A freezing wraith (Lair:5)
  An ice devil (Lair:6)
  A hellwing (Lair:6)
  14 rime drakes
  12 komodo dragons
  A yaktaur (D:11)
  A tengu conjurer (D:9)
  3 red devils (Lair:6)
  A troll (Orc:2)
  Grinder (Sewer)
  3 polar bears
  A slime creature (D:9)
  5 blink frogs
  13 dream sheep
  71 yaks
  A wraith (D:11)
  4 wyverns
  4 basilisks
  4 hogs (D:12)
  A neqoxec (Gauntlet)
  9 wargs
  5 hell hounds (Lair:6)
  A naga (Lair:3)
  16 water moccasins
  28 orc warriors
  A sky beast (D:5)
  A black bear (Lair:2)
  A necrophage (D:6)
  8 ice beasts
  3 ogres
  21 wolves
  4 centaurs
  2 small abominations (Gauntlet)
  A kobold brigand (Sewer)
  13 bullfrogs
  3 scorpions (D:5)
  A water moccasin zombie (D:5)
  A wyvern skeleton (D:7)
  6 killer bees (D:11)
  13 wights
  An electric eel (Lair:2)
  5 howler monkeys
  A bullfrog zombie (D:5)
  4 hounds (D:6)
  2 quasits (Sewer)
  2 centaur zombies
  A bullfrog skeleton (D:4)
  A jelly (D:7)
  2 gnoll shamans
  15 orc priests
  2 centaur skeletons
  3 scorpion zombies (D:5)
  3 iguanas
  Natasha (thrice) (D:4)
  13 orc wizards
  2 hell rats (Lair:3)
  A killer bee zombie (D:8)
  2 hound zombies (D:5)
  A hound skeleton (D:4)
  6 gnolls
  8 adders
  8 river rats
  2 shadow imps
  2 white imps
  3 ufetubi (Sewer)
  2 worms
  A dart slug (D:1)
  69 orcs
  9 endoplasms
  4 giant cockroaches (D:3)
  7 goblins
  5 hobgoblins
  2 quokkas
  6 ball pythons
  4 bats
  4 frilled lizards
  A giant cockroach zombie (Sewer)
  25 kobolds
  2 kobold zombies (Sewer)
  6 rats
  A bush (Lair:5)
598 creatures vanquished.

Vanquished Creatures (others)
  Nessos (Orc:2)
  A wizard (Lair:6)
  2 kobold zombies (Sewer)
  2 demonic plants (Gauntlet)
  46 fungi
  82 plants
134 creatures vanquished.

Grand Total: 732 creatures vanquished

Notes
Turn   | Place    | Note
-------+----------+-------------------------------------------
     0 | D:1      | HungrySpirit the Minotaur Gladiator began the quest for the
                  | Orb.
     0 | D:1      | Reached XP level 1. HP: 18/18 MP: 0/0
   365 | D:1      | Reached XP level 2. HP: 22/25 MP: 1/1
   382 | D:1      | Reached skill level 4 in Axes
   659 | D:1      | Reached skill level 1 in Armour
  1265 | D:2      | Reached XP level 3. HP: 30/30 MP: 2/2
  1355 | D:2      | Found a burning altar of Makhleb.
  1645 | D:3      | Reached XP level 4. HP: 24/38 MP: 3/3
  1773 | D:3      | Found a faded altar of an unknown god.
  2087 | D:3      | Reached skill level 5 in Axes
  2093 | D:3      | Found a glowing drain.
  2101 | Sewer    | Entered a sewer
  2202 | Sewer    | Found a burning altar of Makhleb.
  2209 | Sewer    | Reached XP level 5. HP: 45/45 MP: 4/4
  2215 | Sewer    | Noticed Grinder
  2225 | Sewer    | Killed Grinder
  2226 | Sewer    | Reached skill level 6 in Axes
  2226 | Sewer    | Reached XP level 6. HP: 53/53 MP: 5/5
  2511 | D:4      | Found a glowing golden altar of the Shining One.
  2511 | D:4      | Found a radiant altar of Vehumet.
  2529 | D:4      | Reached skill level 7 in Axes
  2531 | D:4      | Noticed Natasha
  2537 | D:4      | Killed Natasha
  2538 | D:4      | Reached XP level 7. HP: 52/60 MP: 6/6
  2538 | D:4      | Noticed Natasha
  2542 | D:4      | Killed Natasha
  2602 | D:4      | Reached skill level 5 in Fighting
  2708 | D:4      | Found a staircase to the Ecumenical Temple.
  2904 | Temple   | Entered the Ecumenical Temple
  2910 | Temple   | Became a worshipper of Warmaster Okawaru
  3042 | D:4      | Noticed Natasha
  3044 | D:4      | Killed Natasha
  3068 | D:4      | Found a hazy altar of Hepliaklqana.
  3128 | D:5      | Entered Level 5 of the Dungeon
  3195 | D:5      | Reached skill level 8 in Axes
  3217 | D:5      | Found a basalt altar of Yredelemnul.
  3293 | D:5      | Reached skill level 5 in Armour
  3348 | D:5      | Reached XP level 8. HP: 68/70 MP: 7/7
  3616 | D:5      | Identified the +2 pair of gloves of Compression {rCorr
                  | Str+3 Dex+4}
  3677 | D:5      | Reached * piety under Okawaru
  3678 | D:5      | Reached skill level 9 in Axes
  3877 | D:6      | Reached skill level 10 in Axes
  3877 | D:6      | Reached ** piety under Okawaru
  4074 | D:6      | Found Begarur's Antique Armour Shop.
  4091 | D:6      | Bought an ancient chain mail for 171 gold pieces
  4091 | D:6      | Identified the +8 chain mail "Dugufre" {rN+} (You bought it
                  | in a shop on level 6 of the Dungeon)
  4470 | D:7      | Reached XP level 9. HP: 79/79 MP: 8/8
  4476 | D:7      | Found Quovvewu's Armour Emporium.
  4518 | D:7      | Noticed Harold
  4524 | D:7      | Reached skill level 1 in Shields
  4535 | D:7      | Killed Harold
  4536 | D:7      | Reached skill level 11 in Axes
  4667 | D:7      | Found Musiam's Assorted Antiques.
  4862 | D:7      | Found a runed translucent door.
  4863 | D:7      | Noticed Crazy Yiuf
  4919 | D:7      | Found Musatan's Armour Shop.
  5158 | D:8      | Found a staircase to the Lair.
  5254 | D:8      | Reached *** piety under Okawaru
  5935 | D:7      | Bought a scroll labelled ABIAFU BOHUENG for 30 gold pieces
  5935 | D:7      | Bought a ruby potion for 27 gold pieces
  5935 | D:7      | Bought a scroll labelled ICWAXT TILO for 30 gold pieces
  5965 | D:9      | Found Ikeghuaq's Weapon Emporium.
  5981 | D:9      | Noticed a skeletal warrior
  5981 | D:9      | Noticed a skeletal warrior
  6361 | D:8      | Killed a skeletal warrior
  6362 | D:8      | Reached skill level 12 in Axes
  6362 | D:8      | Reached XP level 10. HP: 60/90 MP: 0/9
  6504 | Lair:1   | Entered Level 1 of the Lair of Beasts
  6507 | Lair:1   | Reached **** piety under Okawaru
  6518 | Lair:1   | Reached skill level 5 in Shields
  6782 | Lair:1   | Reached ***** piety under Okawaru
  6849 | Lair:1   | Reached skill level 13 in Axes
  7357 | Lair:1   | Received a gift from Okawaru
  7361 | Lair:1   | Reached XP level 11. HP: 54/99 MP: 10/10
  7981 | Lair:2   | Reached skill level 10 in Fighting
  8117 | Lair:2   | Received a gift from Okawaru
  8207 | Lair:2   | Noticed an oklob plant
  8224 | Lair:2   | Noticed an oklob plant
  8224 | Lair:2   | Noticed an oklob plant
  8371 | Lair:2   | Reached skill level 14 in Axes
  8422 | Lair:2   | Reached skill level 10 in Armour
  9244 | Lair:3   | Found a staircase to the Swamp.
  9541 | Lair:3   | Received a gift from Okawaru
  9542 | Lair:3   | Found a staircase to the Snake Pit.
 10085 | Lair:3   | Reached ****** piety under Okawaru
 10085 | Lair:3   | Received a gift from Okawaru
 10086 | Lair:3   | Reached skill level 15 in Axes
 10086 | Lair:3   | Reached XP level 12. HP: 73/110 MP: 11/11
 10089 | Lair:3   | Noticed a four-headed hydra
 10101 | Lair:3   | Killed a one-headed hydra
 10347 | Lair:3   | Noticed Sonja
 10356 | Lair:3   | Killed Sonja
 11088 | Lair:4   | Noticed a four-headed hydra
 11096 | Lair:4   | Killed a one-headed hydra
 11241 | Lair:4   | Reached skill level 16 in Axes
 11354 | Lair:4   | Received a gift from Okawaru
 11539 | Lair:4   | Noticed a catoblepas
 11548 | Lair:4   | Killed a catoblepas
 12275 | Lair:5   | Found a gate leading to a gauntlet.
 12282 | Gauntlet | Entered a Gauntlet
 12282 | Gauntlet | Found a transporter.
 12285 | Gauntlet | Found a transporter.
 12285 | Gauntlet | Noticed a death yak
 12287 | Gauntlet | Found a transporter.
 12287 | Gauntlet | Noticed a death yak
 12290 | Gauntlet | Found a transporter.
 12290 | Gauntlet | Found a transporter.
 12291 | Gauntlet | Found a transporter.
 12293 | Gauntlet | Noticed a death yak
 12339 | Gauntlet | Reached skill level 10 in Shields
 12343 | Gauntlet | Killed a death yak
 12347 | Gauntlet | Killed a death yak
 12350 | Gauntlet | Killed a death yak
 12351 | Gauntlet | Reached XP level 13. HP: 92/118 MP: 5/12
 12358 | Gauntlet | Identified the ring "Qawn" {rF+ rC- rN+ Str+2 Dex+4}
 12408 | Gauntlet | Found a transporter.
 12411 | Gauntlet | Gained mutation: Your magical capacity is low. (-10% MP) [a
                  | neqoxec]
 12435 | Gauntlet | Identified the ring of Divine Compulsion {rCorr MP+9 Str-3
                  | Int+3 Slay+4}
 12482 | Gauntlet | Noticed a minotaur
 12495 | Gauntlet | Killed a minotaur
 12504 | Gauntlet | Got Ceenewk's Collected Works on Earth and the Arsonist
 12504 | Gauntlet | Got Sif Muna's Volume of Transmutation and the Voyage
 12626 | Lair:5   | Found a viscous altar of Jiyva.
 12627 | Lair:5   | Found a staircase to the Slime Pits.
 12858 | Lair:5   | Identified the amulet of Midwinter {RegenMP Harm rElec rN+
                  | MP+9}
 12865 | Lair:5   | Identified the +8 mace "Yciucveb" {venom, Str+5}
 13365 | Lair:6   | Entered Level 6 of the Lair of Beasts
 13371 | Lair:6   | Reached skill level 17 in Axes
 13376 | Lair:5   | Received a gift from Okawaru
 14516 | Lair:6   | Received a gift from Okawaru
 14636 | Lair:6   | Found a burning altar of Makhleb.
 14647 | Lair:6   | Reached skill level 18 in Axes
 14647 | Lair:6   | Reached XP level 14. HP: 120/129 MP: 11/11
 14652 | Lair:6   | Received a gift from Okawaru
 15002 | Lair:6   | Identified a scroll of acquirement
 15002 | Lair:6   | Acquired a +0 crystal plate armour
 15273 | Lair:6   | Found a large runed translucent door.
 15273 | Lair:6   | Found a large runed translucent door.
 15275 | Lair:6   | Noticed coffeespoons's ghost (adept MiBe)
 15515 | Lair:6   | Found a gateway to Hell.
 16106 | Lair:6   | Killed coffeespoons's ghost
 16475 | D:9      | Received a gift from Okawaru
 16900 | D:10     | Entered Level 10 of the Dungeon
 19425 | D:11     | Reached skill level 19 in Axes
 19879 | D:12     | Noticed Kirke
 19893 | D:12     | Noticed a sphinx
 19895 | D:12     | Killed Kirke
 19895 | D:12     | Received a gift from Okawaru
 19924 | D:12     | Noticed Maurice
 19952 | D:12     | Killed Maurice
 19966 | D:12     | Found a staircase to the Orcish Mines.
 19987 | D:12     | Identified the ring "Quirai" {*Slow Will+ rCorr Str+7
                  | Int+3}
 20311 | D:12     | Noticed Rupert
 20563 | Orc:1    | Entered Level 1 of the Orcish Mines
 20673 | Orc:1    | Noticed an orc warlord
 20709 | Orc:1    | Killed an orc warlord
 20977 | Orc:2    | Entered Level 2 of the Orcish Mines
 21041 | Orc:1    | Noticed an orc warlord
 21312 | Orc:2    | Found a staircase to the Elven Halls.
 21352 | Orc:2    | Noticed Nessos
 21371 | Orc:1    | Killed an orc warlord
 21372 | Orc:1    | Reached XP level 15. HP: 74/139 MP: 3/12
 21379 | Orc:2    | Killed Nessos
 22232 | Orc:2    | Found Donesm's Jewellery Boutique.
 22354 | Orc:2    | Noticed Saint Roka
 22763 | Orc:1    | Reached skill level 20 in Axes
 22763 | Orc:1    | Reached XP level 16. HP: 147/147 MP: 13/13
 22803 | Orc:2    | Killed from afar by Saint Roka

Illustrated notes

Levels and vault maps discovered:
D:1:      erik_arrival_triangle_large, layout_basic, serial_co_window_serial,
          co_window_corner_a, co_window_paths_b, co_window_paths_b,
          co_window_corner_a, co_window_paths_a, co_window_of_opportunity_b,
          co_window_corner_b, co_window_2corner, co_window_corner_b,
          co_window_corner_ca, co_window_unsneaky_path_a, glass_columns_c,
          glass_columns_c, glass_columns_c
D:2:      layout_rooms, basic_altar, minmay_misc_feat_rows
D:3:      layout_rooms, dreamdust_ecumenical_altar_grove, portal_sewer_entry_e,
          minivault_25
D:4:      layout_rooms, mainiacjoe_overflow_paths, grunt_temple_overflow_open,
          minmay_temple_entry_poolview, serial_corexii_hall,
          chequers_hall_statues_wall_a, chequers_hall_statues_wall_a,
          chequers_hall_statues_wall_a, corexii_hall_statues_t, uniq_natasha
D:5:      layout_basic, nicolae_yredelemnul_corpse_copse
D:6:      layout_basic, supply_closet_lemuel, hangedman_decor_lopped,
          chequers_serial_rivers_micro_d, glass_columns_b,
          nicolae_stop_n_shop_1, item_on_display_a
D:7:      layout_cave_pools, serial_shops, nicolae_take_the_stairs,
          nicolae_lakefront_shop, nicolae_shop_trees, moated_statue,
          minmay_misc_feat_nine_boxes, uniq_crazy_yiuf_cottage, uniq_harold
D:8:      layout_basic, dpeg_oklobed_lair
D:9:      minmay_curly_fans, layout_cave_pools, serial_shops,
          nicolae_stop_n_shop_1
D:10:     layout_basic
D:11:     layout_stronghold, minmay_shattered_shrine
D:12:     layout_basic, minmay_orc_entry_guard_dogs, minmay_misc_feat_roman,
          grunt_tough_drop, uniq_rupert, uniq_maurice, uniq_kirke
Temple:   eino_narrow_crystal_temple
Lair:1:   layout_misc_corridors
Lair:2:   layout_roguey, minmay_lair_oklob_chamber, serial_bayou_shore_b,
          wad_woods_river_01
Lair:3:   layout_small_grid, swamp_mist, guppyfry_snake_entry_island,
          kennysheep_rathole, infiniplex_staircase_pool, lemuel_fruit_tree,
          grunt_megastairs_5, uniq_sonja
Lair:4:   layout_concentric_octagons, infiniplex_staircase_pool_2,
          grunt_megastairs_1
Lair:5:   layout_loops_ring, slime_altar_1, serial_forest,
          infiniplex_forest_corner_1, infiniplex_forest_lined_2,
          infiniplex_forest_clump_cross, infiniplex_forest_clump_tiny,
          infiniplex_forest_lined_room_2, infiniplex_forest_clump_tiny,
          infiniplex_forest_lined_room_2, infiniplex_forest_end_1,
          gauntlet_entry_generic, ice2_lemuel
Lair:6:   evil_forest, layout_hall_layers, ebering_ghost_disaster_area,
          st_stairs_6, wad_woods_road_03, grunt_forest_small_clearings,
          minmay_lair_drake_nest
Orc:1:    layout_caves
Orc:2:    grunt_orc_community_town_hall, layout_caves,
          grunt_orc_community_big_house_1, grunt_orc_community_big_house_1,
          grunt_orc_community_house_1, grunt_orc_community_house_3,
          grunt_orc_community_house_1, grunt_orc_community_house_2,
          grunt_orc_community_house_2, grunt_orc_community_house_2, uniq_nessos

Skill      XL: |  1  2  3  4  5  6  7  8  9 10 11 12 13 14 15 |
---------------+----------------------------------------------+-----
Axes           | 4 5 6 7 8 10 12 13 15 16 18 19 20 | 20.0
Armour         | 1 2 3 5 6 8 9 10 12 13 14 | 14.3
Fighting       | 3 4 5 7 8 9 11 12 13 14 | 14.6
Dodging        | 4 |  4.0
Shields        | 4 6 8 10 11 12 13 | 13.4
Throwing       | |  2.0

Action                   |  1- 3 |  4- 6 |  7- 9 | 10-12 | 13-15 | 16-18 || total
-------------------------+-------+-------+-------+-------+-------+-------++-------
Melee: War axe           |    64 |    71 |   221 |   359 |   715 |    30 ||  1460
       Headbutt          |    13 |     7 |    59 |   126 |   289 |    14 ||   508
       Broad axe         |       |       |       |       |   160 |       ||   160
Throw: Throwing net      |       |       |     1 |       |     2 |       ||     3
Invok: Heroism           |       |       |       |     2 |    12 |     1 ||    15
       Finesse           |       |       |       |     1 |     5 |     1 ||     7
Evoke: Wand              |       |     3 |       |     1 |     5 |       ||     9
       Phantom mirror    |       |       |       |       |     1 |       ||     1
  Use: Scroll            |       |       |     9 |    10 |    11 |       ||    30
       Potion            |       |       |     1 |       |     7 |     1 ||     9
 Stab: Sleeping          |     1 |       |       |       |       |       ||     1
       Held in net/web   |       |       |     1 |       |       |       ||     1
       Paralysed         |       |       |       |     2 |       |       ||     2
Armor: Leather armour    |     6 |       |       |       |       |       ||     6
       Troll leather arm |    12 |    31 |    23 |       |       |       ||    66
       Chain mail        |       |       |    69 |   185 |   210 |     3 ||   467
Dodge: Dodged            |    26 |    68 |   124 |   135 |   126 |     4 ||   483
       Repelled          |       |       |     1 |     2 |     4 |       ||     7
Block: Kite shield       |       |       |       |       |   599 |    19 ||   618
       Reflection        |       |       |       |       |    26 |     2 ||    28
